 Dungeon Crawl Stone Soup version 0.30-a0-916-g98134172ad (webtiles) character file.

Game seed: 15802358483171877029

28 Aequonox the Sneak (level 2, -1/19 HPs)
             Began as a Vampire Enchanter on Mar 20, 2023.
             Slain by a hobgoblin
             ... wielding a +0 long sword
              (3 damage)
             ... on level 2 of the Dungeon.
             The game lasted 00:02:10 (738 turns).

Aequonox the Sneak (Vampire Enchanter)               Turns: 738, Time: 00:02:11

Health: -1/19      AC:  3    Str:  7    XL:     2   Next: 96%
Magic:  5/5        EV: 10    Int: 17    God:
Gold:   61         SH:  7    Dex: 14    Spells: 5/5 levels left

rFire   . . .      SeeInvis +    a - +1 dagger
rCold   . . .      Faith    .    k - +0 kite shield
rNeg    . . .      Spirit   .    l - +0 leather armour
rPois   .          Reflect  .    (no helmet)
rElec   .          Rampage  .    (no cloak)
rCorr   .                        (no gloves)
Will    .....                    (no boots)
Stlth   +++                      (no amulet)
HPRegen 0.43/turn                (no ring)
MPRegen 0.09/turn                (no ring)

@: healing quickly, invisible
A: alive, fangs 3, see invisible, vampiric 1
a: Exsanguinate


You were on level 2 of the Dungeon.
You visited 1 branch of the dungeon, and saw 2 of its levels.

You collected 61 gold pieces.

Inventory:

Hand Weapons
 a - a +1 dagger (weapon)
Armour
 b - a +0 robe
 h - an orb of wrath
 k - a +0 kite shield (worn)
 l - a +0 leather armour (worn)
Scrolls
 d - a scroll of magic mapping {unknown}
 f - a scroll of poison {unknown}
 i - 2 scrolls of identify {unknown}
 j - a scroll of teleportation {unknown}
Potions
 c - a potion of invisibility
 e - a potion of flight {unknown}
 g - a potion of magic {unknown}


   Skills:
 + Level 1.7 Short Blades
 + Level 0.0 Armour
 + Level 2.5 Dodging
 + Level 4.8 Stealth
 + Level 0.2 Shields
 + Level 2.2 Spellcasting
 + Level 4.7 Hexes


You had 5 spell levels left.
You didn't know any spells.
Your spell library contained the following spells:

 Spells                   Type           Power      Damage    Failure   Level
 Confusing Touch          Hex            18%        N/A       38%         3
 Tukima's Dance           Hex            18%        N/A       38%         3
 Ensorcelled Hibernation  Hex/Ice        20%        N/A       50%         2
 Sandblast                Erth           2%         2d4       71%         1
 Dazzling Flash           Conj/Hex       20%        N/A       75%         3
 Passwall                 Tmut/Erth      0%         N/A       83%         2
 Stone Arrow              Conj/Erth      2%         3d7       97%         3


Dungeon Overview and Level Annotations

Branches:
Dungeon (2/15)

Altars:


Innate Abilities, Weirdness & Mutations

Your natural rate of healing is accelerated.
You have razor-sharp teeth.
You have supernaturally acute eyesight. (SInv)
You are afflicted with vampirism.


Message History

A goblin is nearby!
You hit the goblin.
The goblin is severely wounded.
The goblin unwields a +0 sling.
The goblin barely misses you.
You barely miss the goblin.
The goblin is severely wounded.
The goblin closely misses you.
You closely miss the goblin.
The goblin is severely wounded.
The goblin hits you but does no damage. You block the goblin's attack.
You hit the goblin.
You kill the goblin!
A worm comes into view.
Found a +0 dagger.
Things that are here:
a +0 sling; a goblin corpse; a ball python corpse The worm bites you!
You hit the worm.
The worm is lightly wounded.
You hit the worm but do no damage.
The worm is lightly wounded.
The worm bites you!
Ouch! That really hurt!
* * * LOW HITPOINT WARNING * * *
You are too injured to fight recklessly!
You are too injured to fight recklessly!
You are too injured to fight recklessly!
Things that are here:
a +0 sling; a goblin corpse; a ball python corpse
There is a stone staircase leading down here.
A hobgoblin comes into view. It is wielding a +0 long sword.
The hobgoblin shouts!
The hobgoblin hits you with a +0 long sword!
The hobgoblin attacks as you move away! You block the hobgoblin's attack.
The hobgoblin attacks as you move away!
The hobgoblin hits you with a +0 long sword!
* * * LOW HITPOINT WARNING * * *
You fade into invisibility!
The hobgoblin hits you with a +0 long sword.
You die...

############
#..........#
#..........#
#####..........#
........>......######
.####..w.......#@...###
.##
####.#######g##.#<######
w.#
#.######...#.#......#
..#
#...w......#...####.#
..#
#.######.#.#.....##.#
.##
#.######.#.#.#.#.##.# .#
#........#.#.#.#....# ##
#.#†######.#.#.######
#.#.# ..#.#..


You could see a hobgoblin (unable to see you).

Vanquished Creatures
  3 endoplasms (D:1)
  4 hobgoblins (D:1)
  3 jackals (D:1)
  A quokka (D:1)
  3 ball pythons
  4 bats (D:1)
  3 frilled lizards (D:1)
  2 goblins
  2 kobolds (D:1)
  2 rats
27 creatures vanquished.

Notes
Turn   | Place    | Note
-------+----------+-------------------------------------------
     0 | D:1      | Aequonox the Vampire Enchanter began the quest for the Orb.
     0 | D:1      | Reached XP level 1. HP: 13/13 MP: 3/3
   102 | D:1      | Reached XP level 2. HP: 10/19 MP: 5/5
   738 | D:2      | Slain by a hobgoblin

Illustrated notes

Levels and vault maps discovered:
D:1:      lightli_arrival_chessboard, layout_rooms
D:2:      layout_basic, serial_shops, shop, basic_altar, minmay_distorted

Action                     || total
---------------------------++-------
  Melee: Dagger            ||    78
         Bite              ||     7
    Use: Potion            ||     1
   Stab: Sleeping          ||     3
 Armour: Robe              ||     4
         Leather armour    ||     2
  Dodge: Dodged            ||    44
  Block: Kite shield       ||    11

Table legend: (Time is in decaauts)
 A = Elapsed time spent in this place.
 B = Non-inter-level travel time spent in this place.
 C = Inter-level travel time spent in this place.
 D = Time resting spent in this place.
 E = Time spent auto-exploring this place.
 F = Levels seen in this place.
 G = Mean time per level.
                   A        B        C        D        E       F      G
               +--------+--------+--------+--------+--------+-----+--------+
         Total |    745 |    706 |     39 |      0 |    441 |   2 |  372.5 |
       Dungeon |    745 |    706 |     39 |      0 |    441 |   2 |  372.5 |
               +--------+--------+--------+--------+--------+-----+--------+

Top non-repeatable levels by time:
     D:1: 634 daAuts
     D:2: 110 daAuts
